 Dungeon Crawl Stone Soup version 0.19-a0-1068-g99dd0f4 (webtiles) character file.

28 Gagarin the Insei (level 3, -3/20 HPs)
             Began as a Vine Stalker Monk on Aug 4, 2016.
             Slain by an adder (4 damage)
             ... on level 2 of the Dungeon.
             The game lasted 00:02:26 (653 turns).

Gagarin the Insei (Vine Stalker Monk)                Turns: 653, Time: 00:02:27

Health: -3/20      AC:  3    Str: 10 (13) XL:     3   Next: 14%
Magic:  0/4        EV: 13    Int:  7 (10) God:
Gold:   79         SH:  0    Dex: 14 (17) Spells: 0 memorised, 2 levels left

rFire  + . .     SeeInvis .       - Unarmed
rCold  x . .     Gourm    .     a - +0 robe
rNeg   . . .     Faith    +     (no shield)
rPois  .         Spirit   +     (no helmet)
rElec  .         Dismiss  .     (no cloak)
rCorr  .         Reflect  .     g - +0 pair of gloves (curse)
SustAt .         Harm     .     (no boots)
MR     .....                    j - amulet of faith
Stlth  ++........               (no ring)
                                i - ring of fire

@:
A: fangs 2, regeneration 1, magic shield, antimagic bite, no device heal 3, rot
immunity
a: no special abilities


You were on level 2 of the Dungeon.
You were not hungry.

You visited 1 branch of the dungeon, and saw 2 of its levels.

You collected 79 gold pieces.

Inventory:

Missiles
 e - 22 poisoned needles
Armour
 a - a +0 robe (worn)
 g - a cursed +0 pair of gloves (worn)
Jewellery
 i - a ring of fire (left hand)
 j - an amulet of faith (around neck)
Scrolls
 k - a scroll of amnesia
Comestibles
 b - a bread ration
 m - 3 chunks of flesh


   Skills:
 + Level 3.0 Fighting
 + Level 2.7 Dodging
 + Level 3.1 Stealth
 + Level 3.1 Unarmed Combat


You had 2 spell levels left.
You didn't know any spells.

Dungeon Overview and Level Annotations

Branches:
Dungeon (2/15)

Altars:
Nemelex Xobeh


Innate Abilities, Weirdness & Mutations

You have extremely sharp teeth.
Your natural rate of healing is unusually fast.
When hurt, damage is shared between your health and your magic reserves.
Your bite disrupts and absorbs the magic of your enemies.
Potions and wands cannot restore your health.
You are immune to rotting.


Message History

You hit the adder but do no damage. Your bite misses the adder.
The adder is heavily wounded.
You feel sick.
You are no longer poisoned.
The adder misses you.
You barely miss the adder. Your bite misses the adder.
The adder is heavily wounded.
The adder bites you.
* * * LOW HITPOINT WARNING * * *
You hit the adder.
The adder is almost dead.
The adder closely misses you. The adder bites you.
* * * LOW HITPOINT WARNING * * *
You completely miss the adder.
The adder is almost dead.
The adder barely misses you.
You barely miss the adder.
The adder is almost dead.
The adder bites you.
You die...

**,,,,,,,,,*
########.###*
,*,******#########
#...<......#* ,,,*
###.......#
#.######.#.#* *,,*
#.......#.# #.# *,,,,,
,,** #.#.###.#.####.#
*,,,,, ,**
#.#.##.........# *,*,,*
,,* #.#.##..#...####
*,**,*
,,######.#.......⌠.⌠##
*,**,*
,..............S@._..###
*,,,,,
.?###.#..#.....#.⌠.⌠...#
****,*
......#..#...#>#.......#
*,*
.........#...#.........#
*,*
......#..÷.............#
*,*
........##.............#
*,*
..###.......#.##########
**,* .,* ###.##..#.#
*,,* ,,* #.###.#.# *,**


You could see an adder.

Vanquished Creatures
  2 adders (D:2)
  A dart slug (D:2)
  A giant gecko (D:1)
  2 ball pythons (D:1)
  A bat (D:1)
  2 kobolds (D:1)
  2 rats
11 creatures vanquished.

Notes
Turn   | Place    | Note
-------+----------+-------------------------------------------
     0 | D:1      | Gagarin the Vine Stalker Monk began the quest for the Orb.
     0 | D:1      | Reached XP level 1. HP: 11/11 MP: 2/2
   396 | D:1      | Reached XP level 2. HP: 16/16 MP: 1/3
   556 | D:2      | Found a sparkling altar of Nemelex Xobeh.
   580 | D:2      | Reached XP level 3. HP: 20/20 MP: 4/4
   651 | D:2      | HP: 1/20 [adder (1)]
   653 | D:2      | Slain by an adder

Vault maps used:
D:1:      minmay_arrival_plants_in_alcoves, minivault_24
D:2:      grunt_temple_overflow_growth_and_decay,
          grunt_temple_overflow_order_and_chaos_1,
          nemelex_xobeh_ov_fountains_minmay

Skill      XL: |  1  2 |
---------------+-------+-----
Fighting       | 3 |  3.0
Stealth        | 3 |  3.1
Dodging        | |  2.7
Unarmed Combat | |  3.1

Action                   || total
-------------------------++-------
Melee: Unarmed           ||    43
       Bite              ||    12
  Use: Scroll            ||     3
       Potion            ||     2
 Stab: Sleeping          ||     2
Armor: Robe              ||    11
Dodge: Dodged            ||    40
